 Dungeon Crawl Stone Soup version 0.30-a0-928-g7f6bbad527 (webtiles) character file.

Game seed: 14121657757957561600

54 Grim the Chopper (level 3, 0/31 HPs)
             Began as a Minotaur Monk on Mar 23, 2023.
             Slain by an iguana (6 damage)
             ... on level 2 of the Dungeon.
             The game lasted 00:01:28 (1254 turns).

Grim the Chopper (Minotaur Monk)                    Turns: 1254, Time: 00:01:28

Health: 0/31       AC:  2    Str: 15    XL:     3   Next: 66%
Magic:  2/2        EV: 13    Int:  7    God:
Gold:   101        SH:  0    Dex: 14    Spells: 2/2 levels left

rFire   . . .      SeeInvis .    a - +0 hand axe
rCold   . . .      Faith    .    (no shield)
rNeg    . . .      Spirit   .    b - +0 robe
rPois   .          Reflect  .    (helmet restricted)
rElec   .          Rampage  .    (no cloak)
rCorr   .                        (no gloves)
Will    .....                    (no boots)
Stlth   ++                       (no amulet)
HPRegen 0.25/turn                (no ring)
MPRegen 0.08/turn                (no ring)

@: no status effects
A: horns 2, retaliatory headbutt
a: no special abilities


You were on level 2 of the Dungeon.
You visited 1 branch of the dungeon, and saw 2 of its levels.

You collected 101 gold pieces.

Inventory:

Hand Weapons
 a - a +0 hand axe (weapon)
Armour
 b - a +0 robe (worn)
Jewellery
 k - a ring of flight
Wands
 l - a wand of paralysis (8)
Scrolls
 g - 2 scrolls of identify {unknown}
 h - a scroll of blinking {unknown}
 i - a scroll of teleportation {unknown}
Potions
 c - a potion of ambrosia
 d - 3 potions of resistance {unknown}
 e - a potion of flight {unknown}
 f - 2 potions of attraction {unknown}
 j - a potion of curing {unknown}


   Skills:
 - Level 3.6 Fighting
 + Level 5.6 Axes
 - Level 3.3 Dodging
 - Level 1.5 Stealth


You had 2 spell levels left.
You didn't know any spells.
Your spell library was empty.

Dungeon Overview and Level Annotations

Branches:
Dungeon (2/15)

Altars:

Shops:
D:2 (


Innate Abilities, Weirdness & Mutations

You have a pair of horns on your head.
You reflexively headbutt those who attack you in melee.


Message History

You hit the ball python.
You kill the ball python!
No target in view!
A hobgoblin comes into view.
A hobgoblin is nearby!
A goblin and an iguana come into view.
The hobgoblin shouts!
The iguana hisses angrily.
The goblin shouts!
The iguana hisses menacingly.
Found 4 stones.
Found a stone staircase leading down.
The iguana bites you!
You hit the iguana but do no damage. You barely miss the hobgoblin.
The iguana closely misses you. You furiously retaliate!
You headbutt the iguana. The hobgoblin misses you. You furiously retaliate!
You headbutt the hobgoblin!
You kill the hobgoblin!
You hit the iguana but do no damage.
The iguana is lightly wounded.
The iguana bites you.
* * * LOW HITPOINT WARNING * * *
You closely miss the iguana.
The iguana is lightly wounded.
You barely miss the goblin. The iguana barely misses you.
The goblin barely misses you. You furiously retaliate!
You headbutt the goblin!
You kill the goblin!
You hit the iguana.
The iguana is moderately wounded.
The iguana barely misses you.
You closely miss the iguana.
You headbutt the iguana, but do no damage.
The iguana is moderately wounded.
The iguana barely misses you.
You hit the iguana. Your headbutt misses the iguana.
The iguana is severely wounded.
The iguana bites you!
* * * LOW HITPOINT WARNING * * *
You closely miss the iguana. Your headbutt misses the iguana.
The iguana is severely wounded.
The iguana hisses menacingly.
The iguana bites you.
You die...

########################
..........##...#........
..........#..#..........
.<........#.####........
##..........# #@)......
##.###.##.## #l.......
## .# #.....####.......>
. ###...#...#......... #
####..................
###.....#####.#....#####
...............(##.#
######.######... .# #
..#


You could see an iguana.

Vanquished Creatures
  An adder (D:2)
  A dart slug (D:1)
  A worm (D:2)
  6 ball pythons
  An endoplasm (D:1)
  3 giant cockroaches
  5 goblins
  4 hobgoblins
  3 jackals (D:1)
  A quokka (D:2)
  2 bats (D:1)
  2 frilled lizards (D:1)
  4 kobolds
  2 rats
36 creatures vanquished.

Vanquished Creatures (others)
  10 plants (D:1)
10 creatures vanquished.

Grand Total: 46 creatures vanquished

Notes
Turn   | Place    | Note
-------+----------+-------------------------------------------
     0 | D:1      | Grim the Minotaur Monk began the quest for the Orb.
     0 | D:1      | Reached XP level 1. HP: 19/19 MP: 0/0
   188 | D:1      | Reached skill level 4 in Axes
   227 | D:1      | Reached XP level 2. HP: 23/26 MP: 1/1
   625 | D:1      | Reached skill level 5 in Axes
   878 | D:2      | Reached XP level 3. HP: 28/31 MP: 2/2
  1090 | D:2      | Found Irroiwkev's Weapon Shoppe.
  1254 | D:2      | Slain by an iguana

Illustrated notes

Levels and vault maps discovered:
D:1:      kennysheep_arrival_seaside, layout_loops_ring, serial_bayou_lagoon_a
D:2:      minmay_chambers_of_twos, layout_rooms, serial_shops,
          nicolae_shop_waterfront, kennysheep_cluttered_room

Skill      XL: |  1  2 |
---------------+-------+-----
Axes           | 4 5 |  5.6
Fighting       | |  3.6
Dodging        | |  3.3
Stealth        | |  1.5

Action                     || total
---------------------------++-------
  Melee: Hand axe          ||    82
         Headbutt          ||    10
   Stab: Sleeping          ||     5
 Armour: Robe              ||    10
  Dodge: Dodged            ||    51

Table legend: (Time is in decaauts)
 A = Elapsed time spent in this place.
 B = Non-inter-level travel time spent in this place.
 C = Inter-level travel time spent in this place.
 D = Time resting spent in this place.
 E = Time spent auto-exploring this place.
 F = Levels seen in this place.
 G = Mean time per level.
                   A        B        C        D        E       F      G
               +--------+--------+--------+--------+--------+-----+--------+
         Total |   1271 |   1226 |     45 |      0 |   1018 |   2 |  635.5 |
       Dungeon |   1271 |   1226 |     45 |      0 |   1018 |   2 |  635.5 |
               +--------+--------+--------+--------+--------+-----+--------+

Top non-repeatable levels by time:
     D:1: 863 daAuts
     D:2: 408 daAuts
